Map: Romanticide LE

Players

ByuN - Winner!

  • Race: Terran Terran
  • League: Master
  • Spawn Location: 11:00

Rogue

  • Race: Zerg Zerg
  • Spawn Location: 5:00

VOD

Have the link to the VOD?

Description

Time

  • Played on: Jan. 13, 2021, 8:48 a.m.
  • Length: 8:32
Show
View Real Time Build Order
Export as new Build Order

ByuN Terran - Winner!

Build Orders:  

Get SALT Encoding   

  12  0:00  SCV  
  13  0:12  SCV  
  14  0:17  Supply Depot  
  14  0:24  SCV  
  15  0:38  SCV  
  15  0:40  Barracks  
  15  0:42  Refinery  
  16  0:50  SCV  
  17  1:02  SCV  
  18  1:15  SCV  
  19  1:26  Orbital Command  
  19  1:27  Marine  
  20  1:38  Command Center  
  20  1:48  Factory  
  20  1:53  SCV  
  21  2:00  Refinery  
  21  2:01  Barracks Reactor  
  21  2:05  SCV  
  22  2:09  Supply Depot  
  22  2:17  SCV  
  23  2:31  SCV  
  24  2:37  Starport  
  24  2:45  SCV  
  24  2:47  Hellion x2, Marine  
  24  2:50  Orbital Command  
  30  2:57  SCV  
  31  3:08  Widow Mine x2  
  36  3:14  Supply Depot  
  36  3:15  SCV  
  36  3:16  SCV  
  36  3:17  Medivac  
  39  3:27  SCV  
  39  3:28  SCV  
  39  3:30  Widow Mine x2  
  45  3:37  Supply Depot, Armory  
  45  3:39  SCV  
  45  3:41  SCV  
  47  3:50  Starport Tech Lab  
  47  3:52  Hellion  
  47  3:54  Hellion  
  51  3:58  SCV x2  
  51  4:00  Supply Depot  
  53  4:10  SCV x2  
  53  4:13  Hellion  
  53  4:14  Raven  
  53  4:15  Hellion  
  61  4:26  Command Center  
  61  4:27  SCV  
  62  4:32  SCV  
  59  4:39  SCV  
  59  4:44  SCV  
  61  4:47  Barracks Tech Lab  
  61  4:51  SCV  
  62  4:53  Barracks  
  62  4:56  Barracks, Factory Reactor, SCV  
  61  5:03  SCV  
  61  5:04  Refinery  
  61  5:05  Starport Reactor, Refinery  
  60  5:08  SCV  
  60  5:10  Stimpack, Marine  
  62  5:15  SCV  
  62  5:21  Engineering Bay, SCV  
  64  5:23  Engineering Bay  
  64  5:28  SCV  
  65  5:33  SCV  
  62  5:37  Marine  
  62  5:40  SCV  
  62  5:41  Orbital Command  
  64  5:43  Barracks  
  64  5:45  SCV  
  64  5:47  Siege Tank, Marine  
  64  5:48  Barracks  
  69  5:51  Terran Infantry Weapons Level 1  
  69  5:52  SCV  
  69  5:54  Terran Infantry Armor Level 1, Marine  
  71  6:01  Marine  
  71  6:02  Marine x2  
  72  6:05  Medivac, Marine  
  72  6:08  Medivac  
  76  6:11  SCV x2  
  76  6:12  Marine  
  77  6:19  Supply Depot, Siege Tank  
  77  6:22  Supply Depot  
  77  6:23  Marine x4  
  77  6:24  Orbital Command  
  84  6:27  SCV  
  84  6:32  Supply Depot  
  85  6:34  Supply Depot  
  85  6:40  Marine  
  85  6:41  SCV  
  85  6:43  Marine x4  
  85  6:44  Barracks Reactor x2, Medivac x2  
  95  6:47  SCV  
  95  6:50  SCV  
  95  6:53  SCV  
  98  6:58  Marine  
  98  6:59  Combat Shield, Supply Depot  
  98  7:00  Supply Depot  
  98  7:01  Marine x4  
  98  7:05  Siege Tank  
  98  7:07  SCV x2  
  106  7:08  SCV  
  106  7:10  Supply Depot  
  106  7:11  Supply Depot  
  107  7:16  Marine  
  107  7:19  SCV x2, Marine x4  
  107  7:20  SCV  
  115  7:23  Factory, Refinery  
  115  7:31  Supply Depot  
  115  7:33  Supply Depot x2  
  115  7:34  Supply Depot, Marine  
  115  7:36  SCV x3  
  119  7:45  Marine  
  119  7:46  Marine x7  
  124  8:00  Siege Tank, Marine  
  124  8:03  Marine  
  127  8:05  Marine  
  127  8:06  Marine x6  
Show
View Real Time Build Order
Export as new Build Order

Rogue Zerg 

Build Orders: Hatch First 

Get SALT Encoding   

  12  0:00  Drone  
  13  0:12  Overlord  
  13  0:16  Drone  
  14  0:31  Drone x2  
  16  0:48  Hatchery  
  15  0:50  Drone  
  15  0:54  Drone  
  15  0:56  Drone  
  18  1:08  Extractor  
  17  1:12  Spawning Pool  
  17  1:15  Drone  
  17  1:18  Drone  
  18  1:29  Drone  
  19  1:39  Drone  
  20  1:50  Drone  
  21  1:59  Queen  
  21  2:00  Zergling x4, Queen  
  27  2:12  Hatchery  
  26  2:18  Overlord  
  26  2:21  Drone  
  27  2:23  Drone  
  28  2:36  Drone x3  
  31  2:38  Queen  
  33  2:45  Overlord  
  33  2:48  Metabolic Boost  
  33  2:53  Drone  
  33  2:54  Drone  
  33  2:56  Drone  
  36  3:08  Drone  
  36  3:09  Drone  
  36  3:11  Drone x2  
  36  3:12  Drone  
  41  3:15  Queen  
  41  3:17  Overlord  
  43  3:24  Queen  
  43  3:26  Drone x2  
  47  3:29  Drone  
  47  3:36  Queen  
  47  3:38  Drone x2  
  51  3:43  Zergling x6  
  51  3:46  Overlord  
  54  3:49  Drone x2  
  56  3:57  Spine Crawler, Queen  
  56  3:59  Overlord  
  57  4:07  Zergling x8  
  61  4:12  Drone x4  
  65  4:19  Overlord  
  65  4:22  Drone x4  
  69  4:24  Overlord  
  69  4:29  Spore Crawler  
  69  4:31  Drone x3  
  71  4:32  Drone  
  71  4:35  Drone  
  71  4:38  Drone x2  
  74  4:40  Spore Crawler  
  74  4:44  Drone  
  74  4:46  Drone  
  74  4:55  Drone  
  74  4:57  Evolution Chamber  
  74  4:58  Evolution Chamber  
  74  4:59  Spore Crawler, Drone  
  73  5:00  Drone  
  73  5:05  Overlord  
  74  5:07  Drone  
  74  5:08  Drone x3  
  74  5:10  Extractor  
  74  5:13  Extractor  
  76  5:15  Drone x5  
  81  5:21  Zergling x2  
  81  5:22  Zergling x8  
  81  5:28  Zergling x8  
  88  5:32  Drone  
  88  5:34  Zerg Ground Armor Level 1  
  88  5:35  Extractor  
  89  5:36  Extractor, Drone  
  89  5:38  Drone  
  90  5:47  Drone x4  
  90  5:49  Lair, Drone  
  89  5:56  Drone x4  
  89  6:00  Drone  
  90  6:09  Overlord  
  90  6:10  Drone  
  90  6:13  Drone  
  90  6:14  Drone  
  90  6:15  Zergling x6  
  94  6:18  Zerg Melee Weapons Level 1  
  94  6:19  Baneling Nest  
  94  6:25  Overlord, Hatchery  
  92  6:35  Zergling x10, Hatchery  
  92  6:38  Overlord  
  96  6:40  Overlord  
  96  6:43  Zergling x2  
  96  6:44  Zergling x4  
  96  6:45  Zergling x2  
  100  6:50  Burrow  
  100  6:53  Drone, Overseer  
  101  6:55  Drone x2  
  101  6:57  Overlord  
  103  7:01  Zergling x2  
  103  7:02  Zergling x2  
  103  7:03  Centrifical Hooks  
  103  7:05  Drone x3  
  108  7:09  Overlord, Overseer  
  108  7:11  Pneumatized Carapace  
  108  7:14  Zergling x8  
  108  7:15  Zergling x4  
  114  7:16  Zergling x4  
  114  7:17  Baneling  
  114  7:18  Baneling x3  
  117  7:22  Zergling x2  
  117  7:24  Zergling x2  
  117  7:28  Zergling x2  
  119  7:30  Hydralisk Den  
  119  7:32  Zergling x2  
  119  7:37  Zergling x2  
  119  7:38  Zergling x10  
  119  7:39  Baneling x6  
  125  7:44  Zergling x8  
  125  7:46  Zergling x4  
  125  7:51  Zergling x2  
  129  7:56  Zergling x2  
  129  7:57  Zergling x6  
  129  7:58  Zergling x2  
  113  8:02  Zergling x14  
  113  8:04  Baneling x5  
  110  8:09  Zergling x4  
  110  8:10  Zergling x4  
  108  8:13  Zergling x2  
  108  8:16  Drone  
  108  8:17  Drone x4  
Tags
 
Add a new tag
Caveats
  • Supply blocks, unpowered buildings, or Contaminate may cause inaccurate times.
  • Supply counts are checked every 10 seconds.